 Dungeon Crawl Stone Soup version 0.19-a0-1049-g462a813 (webtiles) character file.

3483 mrath the Thaumaturge (level 10, -26/56 HPs)
             Began as a Gargoyle Earth Elementalist on July 31, 2016.
             Was a Follower of Vehumet.
             Annihilated by nublet's ghost (27 damage)
             ... on level 8 of the Dungeon.
             The game lasted 00:44:34 (8756 turns).

mrath the Thaumaturge (Gargoyle Earth Elementalist) Turns: 8756, Time: 00:44:35

Health: -26/56     AC: 10    Str: 12    XL:     10   Next: 7%
Magic:  22/31      EV:  7    Int: 19    God:    Vehumet [*.....]
Gold:   274        SH:  0    Dex: 10    Spells: 3 memorised, 17 levels left

rFire  . . .     SeeInvis .     C - +2 whip (venom)
rCold  . . .     Gourm    .     m - +0 robe
rNeg   + + .     Faith    .     (no shield)
rPois  ∞         Spirit   .     k - +0 helmet
rElec  +         Dismiss  .     (no cloak)
rCorr  .         Reflect  .     (no gloves)
SustAt .         Harm     .     (no boots)
MR     .....                    n - amulet of regeneration
Stlth  ++........               O - ring of magical power
                                p - ring of positive energy

@: not resistant to hostile enchantments, unstealthy
A: negative energy resistance 1, electricity resistance, unbreathing,
petrification resistance, rot immunity, AC +7
a: Renounce Religion


You were on level 8 of the Dungeon.
You worshipped Vehumet.
Vehumet was aware of your devotion.
You were not hungry.

You visited 2 branches of the dungeon, and saw 9 of its levels.

You collected 307 gold pieces.
You spent 33 gold pieces at shops.

Inventory:

Hand Weapons
 j - a +0 hand axe
 C - a +2 whip of venom (weapon)
Missiles
 b - 173 stones (quivered)
 f - a throwing net
Armour
 k - a +0 helmet (worn)
 m - a +0 robe (worn)
Magical Staves
 d - an uncursed staff of conjuration
 r - an uncursed staff of air
Jewellery
 n - an amulet of regeneration (around neck)
 p - a ring of positive energy (left hand)
 B - an uncursed ring of flight
 O - a ring of magical power (right hand)
Wands
 E - a wand of random effects (22/48)
 H - a wand of flame (24/48)
 M - a wand of random effects (42/48)
Scrolls
 a - 3 scrolls of magic mapping {unknown}
 g - 3 scrolls of fog
 i - 3 scrolls of identify
 o - 2 scrolls of blinking {unknown}
 q - 4 scrolls of teleportation
 u - 3 scrolls of recharging {unknown}
 x - 4 scrolls of remove curse
 y - 3 scrolls of amnesia {unknown}
 A - a scroll of noise {unknown}
 F - a scroll of enchant weapon {unknown}
 J - a scroll of fear {unknown}
Potions
 c - a potion of invisibility {unknown}
 v - 3 potions of flight
 w - 2 potions of curing {unknown}
 z - a potion of might {unknown}
 G - 2 potions of cure mutation {unknown}
 I - a potion of agility {unknown}
 K - a potion of cancellation {unknown}
 Q - 2 potions of magic {unknown}
Books
 e - a book of Geomancy

   Spells                             Type                      Level
   a - Sandblast                      Earth                        1
   b - Passwall                       Transmutation/Earth          2
   c - Stone Arrow                    Conjuration/Earth            3
   d - Petrify                        Transmutation/Earth          4
   e - Lee's Rapid Deconstruction     Earth                        5
Comestibles
 h - 4 royal jellies
 l - 3 meat rations
 s - a beef jerky
 t - a slice of pizza
 D - a chunk of flesh


   Skills:
 + Level 3.1 Fighting
 + Level 2.9 Armour
 + Level 3.0 Dodging
 - Level 2.1 Stealth
 * Level 8.5 Spellcasting
 + Level 6.2 Conjurations
   Level 0.7 Transmutations
 + Level 8.5 Earth Magic
 + Level 2.5 Evocations


You had 17 spell levels left.
You knew the following spells:

 Your Spells              Type           Power        Failure   Level  Hunger
a - Sandblast             Erth           #####.       1%          1    None
b - Stone Arrow           Conj/Erth      #####.       1%          3    None
c - Lee's Rapid Deconstr  Erth           #####.....   10%         5    #####..


Dungeon Overview and Level Annotations

Branches:
Dungeon (8/15)             Temple (1/1) D:7
   Lair: D:8-11

Altars:
Ashenzari
Cheibriados
Dithmenos
Elyvilon
Fedhas
Gozag
Hepliaklqana
Kikubaaqudgha
Makhleb
Nemelex Xobeh
Okawaru
Pakellas
Qazlal
Ru
Sif Muna
Trog
Uskayaw
Vehumet
Xom
Yredelemnul
Zin
The Shining One

Shops:
D:6 *   D:7 *

Annotations:
D:5 Menkaure
D:8 nublet's ghost, novice OgBe


Innate Abilities, Weirdness & Mutations

You are resistant to torment.
Your stone body is resilient. (AC +7)
You are immune to poison.
You resist negative energy. (rN+)
You are resistant to electric shocks. (rElec)
You can survive without breathing.
You are immune to petrification.
You are immune to rotting.


Message History

Aim: nublet's ghost (lightly damaged)
The stone arrow hits nublet's ghost.
Nublet's ghost is moderately damaged.
Nublet's ghost whispers, "There is no future for you."
Nublet's ghost hits you!!
Casting: Stone Arrow
Confirm with . or Enter, or press ? or * to list all spells.
Aiming: Stone Arrow
Press: ? - help, Shift-Dir - straight line, f/p - nublet's ghost
Aim: nublet's ghost (moderately damaged)
The stone arrow hits nublet's ghost.
Nublet's ghost is heavily damaged.
The giant frog closely misses you.
Nublet's ghost screams in joy, "As in life, so in death: Kill!
Kill!!
Kill!!!"
Nublet's ghost hits you!!
* * * LOW HITPOINT WARNING * * *
The giant frog hits you.
* * * LOW HITPOINT WARNING * * *
Nublet's ghost hits you!!
You die...

............#####....#
....######...........#
...## ####........#
...# ##.......# ...#
##.....## #..# #.....#
...# #.....# ..##
##..W..# #..@F..#
............#
............#
####.....##...#
##..### ###. #.# ..
...


You could see a giant frog and nublet's ghost.

Vanquished Creatures
  The ghost of Shenda the Slasher, a novice DsGl (D:6)
  Grinder (D:6)
  Sigmund (D:5)
  A yak (D:7)
  Eustachio (D:5)
  An orc warrior (D:7)
  A sky beast (D:6)
  An ice beast (D:7)
  3 ogres
  A wolf (D:7)
  2 centaurs (D:7)
  Blork the orc (D:6)
  4 giant frogs
  A scorpion (D:7)
  A killer bee (D:7)
  An electric eel (D:8)
  2 crimson imps
  2 jellies
  A quasit (D:6)
  A giant frog zombie (D:7)
  6 orc priests
  9 hounds
  3 centaur skeletons
  A giant frog skeleton (D:4)
  3 iguanas
  5 orc wizards
  5 worker ants
  4 gnolls (D:6)
  6 adders
  A shadow imp (D:5)
  2 oozes
  An adder skeleton (D:5)
  3 worms (D:3)
  5 dart slugs
  3 giant geckos
  19 orcs
  3 giant cockroaches
  5 goblins
  5 hobgoblins
  5 jackals
  5 quokkas
  13 bats
  6 giant newts
  5 kobolds
  A quokka skeleton (D:5)
  3 rats (D:1)
155 creatures vanquished.

Notes
Turn   | Place    | Note
-------+----------+-------------------------------------------
     0 | D:1      | mrath the Gargoyle Earth Elementalist began the quest for the Orb.
     0 | D:1      | Reached XP level 1. HP: 10/10 MP: 3/3
   539 | D:2      | Reached XP level 2. HP: 12/15 MP: 0/5
  1005 | D:2      | Reached XP level 3. HP: 14/19 MP: 0/7
  1320 | D:2      | Learned a level 3 spell: Stone Arrow
  2239 | D:3      | Reached XP level 4. HP: 23/24 MP: 6/8
  2388 | D:3      | Found a sparkling altar of Nemelex Xobeh.
  2597 | D:3      | Reached skill level 1 in Conjurations
  2597 | D:3      | Reached skill level 5 in Earth Magic
  2597 | D:3      | Reached XP level 5. HP: 28/28 MP: 3/10
  3339 | D:4      | Found a snail-covered altar of Cheibriados.
  3496 | D:4      | Reached XP level 6. HP: 32/32 MP: 2/12
  4201 | D:4      | Reached skill level 5 in Spellcasting
  4201 | D:4      | Reached XP level 7. HP: 36/36 MP: 11/14
  4320 | D:5      | Entered Level 5 of the Dungeon
  4499 | D:5      | Noticed Menkaure
  4906 | D:5      | Noticed Sigmund
  5129 | D:5      | Killed Sigmund
  5272 | D:5      | Reached XP level 8. HP: 33/41 MP: 12/17
  5482 | D:6      | Noticed Shenda's ghost (novice DsGl)
  5543 | D:6      | Killed Shenda's ghost
  5772 | D:6      | Noticed Grinder
  5787 | D:6      | Killed Grinder
  5787 | D:6      | Reached skill level 5 in Conjurations
  6008 | D:6      | Learned a level 5 spell: Lee's Rapid Deconstruction
  6115 | D:6      | Found Ygiaraj's Elemental Accessories.
  6116 | D:6      | Noticed Blork the orc
  6124 | D:6      | Killed Blork the orc
  6124 | D:6      | Reached XP level 9. HP: 33/46 MP: 1/20
  6364 | D:6      | Reached skill level 1 in Fighting
  6365 | D:6      | Reached skill level 1 in Armour
  6683 | D:5      | Noticed Eustachio
  6687 | D:5      | Killed Eustachio
  6687 | D:5      | Reached skill level 1 in Evocations
  7375 | D:7      | Found a staircase to the Ecumenical Temple.
  7388 | Temple   | Entered the Ecumenical Temple
  7479 | Temple   | Became a worshipper of Vehumet
  8281 | D:7      | Found Bix Emia's General Store.
  8284 | D:7      | Bought a scroll of teleportation for 33 gold pieces
  8450 | D:7      | Reached * piety under Vehumet
  8450 | D:7      | Offered knowledge of Flame Tongue by Vehumet.
  8450 | D:7      | Reached XP level 10. HP: 28/55 MP: 12/22
  8752 | D:8      | Noticed nublet's ghost (novice OgBe)
  8756 | D:8      | HP: 1/56 [giant frog (6)]
  8756 | D:8      | Annihilated by nublet's ghost

Vault maps used:
D:1:      dpeg_arrival_round_b
D:2:      first_bread, minmay_pentomino_t2
D:3:      nemelex_xobeh_ov_fountains_minmay
D:4:      old_standard_altar
D:5:      uniq_menkaure, uniq_eustachio, uniq_sigmund
D:6:      nicolae_elemental_shop, uniq_grinder, uniq_blork_the_orc
D:7:      minmay_cornered_nines, serial_shops, kennysheep_mini_moat
D:8:      erik_lair_island, minmay_misc_feat_more_columns, uniq_prince_ribbit1
Temple:   regret_index_temple_chain_breaker

Skill      XL: |  1  2  3  4  5  6  7  8  9 10 |
---------------+-------------------------------+-----
Earth Magic    | 4 5 6 7 8 |  8.5
Spellcasting   | 3 4 5 6 7 8 |  8.5
Conjurations   | 1 2 3 4 5 6 |  6.2
Fighting       | 2 3 |  3.1
Dodging        | 3 |  3.0
Armour         | 2 |  2.9
Evocations     | 2 |  2.5
Stealth        | |  2.1
Transmutations | |  0.7

Action                   |  1- 3 |  4- 6 |  7- 9 | 10-12 || total
-------------------------+-------+-------+-------+-------++-------
Melee: Hand axe          |    95 |    21 |       |       ||   116
       Whip              |       |    33 |   142 |     6 ||   181
       Staff             |       |       |    24 |       ||    24
 Cast: Sandblast         |    53 |    18 |     6 |       ||    77
       Stone Arrow       |       |    26 |   119 |     9 ||   154
  Use: Scroll            |       |     2 |     2 |       ||     4
 Stab: Sleeping          |     3 |     3 |       |       ||     6
       Distracted        |       |       |     1 |       ||     1
  Eat: Chunk             |     4 |     9 |    12 |     1 ||    26
       Pizza             |       |       |     1 |       ||     1
       Beef jerky        |       |       |     1 |       ||     1
Armor: Robe              |    45 |    18 |    68 |     5 ||   136
Dodge: Dodged            |   103 |    28 |   115 |     3 ||   249
